 Dungeon Crawl Stone Soup version 0.26-a0-1181-gd376ed14c5 (webtiles) character file.

Game seed: 1063226897942731833

414 voltaire321 the Poker (level 6, 0/48 HPs)
             Began as a Merfolk Gladiator on Dec 27, 2020.
             Killed from afar by an orc wizard (8 damage)
             ... with a magic dart
             ... on level 4 of the Dungeon.
             The game lasted 00:10:06 (4262 turns).

voltaire321 the Poker (Merfolk Gladiator)           Turns: 4262, Time: 00:10:07

Health: 0/48       AC:  5    Str: 14    XL:     6   Next: 91%
Magic:  6/6        EV: 16    Int:  7    God:
Gold:   238        SH:  0    Dex: 18    Spells: 5/5 levels left

rFire    . . .     SeeInvis .   a - +0 trident
rCold    . . .     Faith    .   (no shield)
rNeg     . . .     Spirit   .   b - +0 leather armour
rPois    .         Reflect  .   c - +0 helmet
rElec    .         Harm     .   (no cloak)
rCorr    .         Rampage  .   (no gloves)
Will     .....                  f - +0 pair of boots
Stlth    +.........             (no amulet)
HPRegen  0.16/turn              (no ring)
MPRegen  0.10/turn              (no ring)

@: no status effects
A: change form in water, swift swim, stealthy swim
a: no special abilities


You were on level 4 of the Dungeon.
You visited 1 branch of the dungeon, and saw 6 of its levels.

You collected 238 gold pieces.

Inventory:

Hand Weapons
 a - a +0 trident (weapon)
Missiles
 d - 3 throwing nets
 h - 50 poisoned darts (quivered)
 y - 8 silver javelins
Armour
 b - a +0 leather armour (worn)
 c - a +0 helmet (worn)
 f - a +0 pair of boots (worn)
Scrolls
 e - a scroll of fog {unknown}
 g - a scroll of enchant weapon {unknown}
 i - 3 scrolls of fear {unknown}
 j - 7 scrolls of identify {unknown}
 k - 7 scrolls of remove curse {unknown}
 l - 2 scrolls of amnesia {unknown}
 n - 3 scrolls of immolation {unknown}
 p - a scroll of noise {unknown}
 q - a scroll of enchant armour {unknown}
 s - 2 scrolls of blinking {unknown}
 t - 2 scrolls of teleportation {unknown}
Potions
 m - a potion of haste {unknown}
 o - a potion of mutation {unknown}
 r - a potion of brilliance {unknown}
 u - 3 potions of curing {unknown}
 v - 3 potions of attraction {unknown}
 w - 2 potions of degeneration {unknown}
 x - 2 potions of flight {unknown}
 z - 2 potions of heal wounds {unknown}
 A - a potion of berserk rage {unknown}


   Skills:
 + Level 4.3 Fighting
 + Level 6.7 Polearms
 + Level 3.6 Throwing
 + Level 6.1 Dodging


You had 5 spell levels left.
You didn't know any spells.
Your spell library was empty.

Dungeon Overview and Level Annotations

Branches:
Dungeon (6/15)
 Temple: D:4-7

Altars:
Ru


Message History

Deactivating autopickup; reactivate with Ctrl-A.
The orc priest hits you but does no damage.
You closely miss the orc priest.
The orc priest is severely wounded.
The ogre shouts!
The orc priest hits you with a +2 flail of holy wrath.
You hit the orc priest.
You kill the orc priest!
You hear some strange, mumbled words.
A puff of flame appears from out of thin air!
The puff of flame hits you!
A puff of flame appears from out of thin air!
The puff of flame hits you!
* * * LOW HITPOINT WARNING * * *
Things that are here:
a +0 leather armour; an orc corpse You hear some strange, mumbled words.
A magic dart appears from out of thin air!
The magic dart hits you!
You die...

####.....##..##.#.# #(#
##..........###.#.# #)#
#.....#......##.#.# #o#
.............##.#.# #O#
......#......##.#.# #.#
#.......##..###.#.# #.#
........##..# #.#.. #.#
............###.#########.#
#...##.......##.@....{O.o.#
...###.#.........††..######
.......##..[##########
#.......#..## .........###
......#### .......#
........# .##.#.###


You could see an ogre.

Vanquished Creatures
  A hound (D:4)
  3 orc priests (D:4)
  An orc wizard (D:4)
  Terence (D:3)
  3 worker ants (D:4)
  A gnoll (D:3)
  8 adders
  4 worms
  3 dart slugs
  3 leopard geckos
  5 orcs
  2 ball pythons (D:1)
  5 bats
  6 giant cockroaches
  4 goblins
  2 hobgoblins
  7 jackals
  2 quokkas
  6 frilled lizards
  3 kobolds (D:3)
  A leopard gecko skeleton (D:5)
  A quokka skeleton (D:4)
  7 rats
79 creatures vanquished.

Notes
Turn   | Place    | Note
-------+----------+-------------------------------------------
     0 | D:1      | voltaire321 the Merfolk Gladiator began the quest for the
                  | Orb.
     0 | D:1      | Reached XP level 1. HP: 16/16 MP: 1/1
   198 | D:1      | Reached XP level 2. HP: 23/23 MP: 2/2
  1131 | D:2      | Found a sacrificial altar of Ru.
  1152 | D:2      | Reached skill level 5 in Polearms
  1152 | D:2      | Reached XP level 3. HP: 20/28 MP: 3/3
  2028 | D:3      | Reached XP level 4. HP: 34/35 MP: 4/4
  2371 | D:3      | Reached skill level 5 in Dodging
  2758 | D:3      | Reached XP level 5. HP: 36/41 MP: 5/5
  2844 | D:3      | Noticed Terence
  2861 | D:3      | Killed Terence
  3141 | D:4      | You fall into a shaft and drop 2 floors!
  3331 | D:5      | Entered Level 5 of the Dungeon
  3586 | D:4      | Noticed an ogre
  3618 | D:3      | Reached XP level 6. HP: 43/48 MP: 6/6
  4262 | D:4      | Killed from afar by an orc wizard

Illustrated notes

Levels and vault maps discovered:
D:1:      lightli_arrival_windingriver, layout_basic
D:2:      layout_basic, nicolae_ru_path_of_blood
D:3:      minmay_inner_zag, layout_basic, uniq_terence
D:4:      layout_cave_pools, nicolae_overflow_crystal_walls,
          yredelemnul_forgotten_temple_becter,
          hangedman_abyss_or_decor_lesser_grid, chequers_arboretum, minivault_27
D:5:      layout_basic, fedhas_altar_4, nzn_hepliaklqana_mist_gate,
          grunt_temple_overflow_diamond, serial_shops,
          nicolae_shop_temple_entry_statues_fountains, uniq_prince_ribbit1
D:6:      layout_layer_cave, grunt_temple_overflow_bloody_war,
          gammafunk_temple_overflow_claw, minmay_temple_entry_junction,
          serial_shops, shop, uniq_blork_the_orc

Skill      XL: |  1  2  3  4  5  6 |
---------------+-------------------+-----
Polearms       | 5 6 |  6.7
Fighting       | 3 4 |  4.3
Dodging        | 5 6 |  6.1
Throwing       | 3 |  3.6

Action                   |  1- 3 |  4- 6 || total
-------------------------+-------+-------++-------
Melee: Trident           |   131 |   199 ||   330
Throw: Dart              |       |    10 ||    10
 Stab: Sleeping          |     1 |       ||     1
Armor: Leather armour    |    31 |    31 ||    62
Dodge: Dodged            |    71 |   143 ||   214

Table legend: (Time is in decaauts)
 A = Elapsed time spent in this place.
 B = Non-inter-level travel time spent in this place.
 C = Inter-level travel time spent in this place.
 D = Time resting spent in this place.
 E = Time spent auto-exploring this place.
 F = Levels seen in this place.
 G = Mean time per level.
                   A        B        C        D        E       F      G
               +--------+--------+--------+--------+--------+-----+--------+
         Total |   4261 |   4152 |    109 |   1143 |   1999 |   6 |  710.2 |
       Dungeon |   4261 |   4152 |    109 |   1143 |   1999 |   6 |  710.2 |
               +--------+--------+--------+--------+--------+-----+--------+

Top non-repeatable levels by time:
     D:3: 1482 daAuts
     D:2: 918 daAuts
     D:1: 867 daAuts
     D:4: 769 daAuts
     D:6: 189 daAuts
     D:5: 33 daAuts
